 Dungeon Crawl Stone Soup version 0.32-a0-22-g6ae6769602 (webtiles) character file.

Game seed: 5955667052597929881

1414 cforsyth the Trooper (level 9, -7/68 HPs)
             Began as a Djinni Alchemist on Jan 18, 2024.
             Was an Initiate of Nemelex Xobeh.
             Mangled by a shadow (10 damage)
             ... on level 6 of the Dungeon.
             The game lasted 00:15:53 (6516 turns).

cforsyth the Trooper (Djinni Alchemist)             Turns: 6516, Time: 00:15:53

Health: -7/68      AC:  5    Str:  7    XL:     9   Next: 2%
Gold:   176        EV: 12    Int: 20    God:    Nemelex Xobeh [......] SH:  0 Dex: 15

rFire   + + +        (no weapon)
rCold   . . .        (no shield)
rNeg    . . .        v - +0 steam dragon scales
rPois   ∞            (no helmet)
rElec   +            (no cloak)
rCorr   +            (no gloves)
SInv    .            (boots unavailable)
Will    .....        (no amulet)
Stlth   ++           (no ring)
HPRegen 0.31/turn    (no ring)
MPRegen 0.00/turn

%: infuse magic (-8 HP)
@: resistant, flying
A: sickness immunity, fire resistance 2, cold vulnerability 1, float, innate
caster, HP casting, extra vitality 1
a: Renounce Religion, Draw Escape, Draw Destruction, Draw Summoning


You were on level 6 of the Dungeon.
You worshipped Nemelex Xobeh.
Nemelex Xobeh was noncommittal.
You visited 2 branches of the dungeon, and saw 7 of its levels.
You also visited: Sewer.

You collected 214 gold pieces.
You spent 38 gold pieces at shops.

Inventory:

Hand Weapons
 q - the +6 war axe of Xongitun {spect, rF- rCorr Int+2}
   (You took it off a gnoll on level 3 of the Dungeon)

   Int+2:     It affects your intelligence (+2).
   rF-:       It makes you vulnerable to fire.
   rCorr:     It protects you from acid and corrosion.
Armour
 v - +0 steam dragon scales (worn)
Wands
 l - a wand of acid (1)
 u - a wand of flame (19)
Scrolls
 a - a scroll of fear {unknown}
 b - a scroll of enchant armour {unknown}
 c - 3 scrolls of teleportation {unknown}
 e - a scroll of fog {unknown}
 j - 2 scrolls of revelation {unknown}
 k - a scroll of poison {unknown}
 o - a scroll of enchant weapon {unknown}
 p - a scroll of identify {unknown}
 s - a scroll of amnesia {unknown}
Potions
 d - 2 potions of might {unknown}
 f - 2 potions of attraction {unknown}
 h - a potion of degeneration {unknown}
 i - a potion of invisibility {unknown}
 m - 2 potions of haste
 n - 2 potions of heal wounds {unknown}
 r - a potion of resistance
 t - a potion of berserk rage {unknown}
 w - a potion of brilliance {unknown}


   Skills:
 + Level 7.4 Fighting
 - Level 2.1 Dodging
 - Level 1.5 Stealth
 + Level 6.4 Spellcasting
 + Level 6.4 Conjurations
 + Level 6.4 Hexes
 + Level 6.4 Summonings
 + Level 6.4 Necromancy
 + Level 6.4 Translocations
 + Level 6.4 Fire Magic
 + Level 6.4 Ice Magic
 + Level 6.4 Air Magic
 + Level 6.4 Earth Magic
 + Level 6.4 Alchemy


You knew the following spells:

 Your Spells              Type           Power      Damage    Failure   Level
a - Sting                 Conj/Alch      100%       1d9       1%          1
b - Mercury Vapours       Alch/Air       64%        N/A       1%          2
c - Mephitic Cloud        Conj/Alch/Air  32%        N/A       2%          3
d - Olgreb's Toxic Radia  Alch           32%        N/A       7%          4
e - Sticky Flame          Fire/Alch      32%        2d7       7%          4
f - Sandblast             Erth           64%        2d14      1%          1
g - Call Imp              Summ           64%        N/A       1%          2
h - Blink                 Tloc           64%        N/A       1%          2
i - Summon Lightning Spi  Summ/Air       32%        N/A       7%          4
Your spell library was empty.

Dungeon Overview and Level Annotations

Branches:
Dungeon (6/15)             Temple (1/1) D:4           Sewer (visited)

Altars:
Ashenzari
Dithmenos
Gozag
Hepliaklqana
Makhleb
Nemelex Xobeh
Okawaru
Trog
Uskayaw
Wu Jian
Xom
Yredelemnul
Zin
The Shining One

Shops:
D:2 ?[!*   D:5 *

Annotations:
D:5 2 runed translucent doors, Newt's ghost, novice KoHu
Temple 2 transporters


Innate Abilities, Weirdness & Mutations

You are immune to sickness and miasma.
You are immune to poison.
Your flesh is very heat resistant. (rF++)
You are vulnerable to cold. (rC-)
You float through the air rather than walking.
You learn spells naturally, not from books.
Your magical power is your life essence.
You have superior vitality. (+4 MHP)


Message History

The shadow strikes at you from the darkness!
* * * LOW HITPOINT WARNING * * *
Reactivating autopickup.
It was a potion of curing.
You feel better. The shadow hits you.
You feel better. The shadow hits you.
* * * LOW HITPOINT WARNING * * *
You feel better. The shadow hits you.
Casting: Sticky Flame (dangerous; 7% risk of failure)
Confirm with . or Enter, or press ? or * to list all spells.
Aiming: Sticky Flame (dangerous; 7% risk of failure)
Press: ? - help, Shift-Dir - straight line, f - shadow
Aim: a shadow (moderately damaged, unstickable)
The sticky flame hits the shadow.
The shadow is heavily damaged.
The shadow closely misses you.
Casting: Sticky Flame (dangerous; 7% risk of failure)
Confirm with . or Enter, or press ? or * to list all spells.
A tiny devil pulls itself out of the air.
The shadow hits you!
* * * LOW HITPOINT WARNING * * *
Your cerulean imp barely misses the shadow.
You swap places.
The shadow slips into darkness.
The shadow flickers and vanishes!
Deactivating autopickup; reactivate with Ctrl-A.
Your magical contamination has completely faded away.
The shadow strikes at your cerulean imp from the darkness!
Your cerulean imp dies!
Your cerulean imp disappears in a puff of smoke!
There is a stone staircase leading down here.
The shadow strikes at you from the darkness!
* * * LOW HITPOINT WARNING * * *
Reactivating autopickup.
You fly downwards.
There is a stone staircase leading up here.
It was a potion of resistance.
You feel protected. The shadow hits you!
You die...
Your body disappears without a glow.

## .. ##.
... #.#
#.###
#@..+
#....W.###
#.######


You could see a shadow.

Vanquished Creatures
  Sigmund (D:3)
  Eustachio (D:4)
  A steam dragon (D:5)
  Pargi (Sewer)
  An ogre (D:5)
  A brain worm (Sewer)
  2 scorpions (D:5)
  4 crimson imps (D:3)
  2 bombardier beetles
  A gnoll bouda (D:4)
  2 orc priests
  A hound (D:5)
  2 iguanas (D:5)
  Terence (D:3)
  7 gnolls
  A river rat (D:3)
  4 adders
  A white imp (D:3)
  3 dart slugs
  A ribbon worm (D:2)
  11 orcs
  6 endoplasms
  9 giant cockroaches
  6 goblins
  6 hobgoblins
  8 jackals (D:1)
  6 kobolds
  5 quokkas
  8 ball pythons
  12 bats
  3 frilled lizards
  9 rats
127 creatures vanquished.

Notes
Turn   | Place    | Note
-------+----------+-------------------------------------------
     0 | D:1      | cforsyth the Djinni Alchemist began the quest for the Orb.
     0 | D:1      | cforsyth set off with the following spells memorised:
                  | Sting, Mercury Vapours, Mephitic Cloud, Olgreb's Toxic
                  | Radiance, Sticky Flame.
     0 | D:1      | Reached XP level 1. HP: 15/15 MP: 0/0
    94 | D:1      | Reached XP level 2. HP: 18/22 MP: 0/0
    98 | D:1      | Reached skill level 1 in Fighting
   437 | D:1      | Reached XP level 3. HP: 25/27 MP: 0/0
   437 | D:1      | Learned a level 1 spell: Sandblast
  1154 | D:2      | Found Xotiucei's Armour Emporium.
  1172 | D:2      | Found a faded altar of an unknown god.
  1203 | D:2      | Reached skill level 2 in Fighting
  1233 | D:2      | Found Hosaakea's Assorted Antiques.
  1250 | D:2      | Bought a ruby potion for 19 gold pieces
  1250 | D:2      | Bought a fuming inky potion for 19 gold pieces
  1288 | D:2      | Found Judduh's Magic Scroll Shop.
  1328 | D:2      | Found Gina Okh's Distillery.
  1537 | D:2      | Reached XP level 4. HP: 33/33 MP: 0/0
  1932 | D:3      | You are sucked into a shaft and drop 2 floors!
  1932 | D:5      | Entered Level 5 of the Dungeon
  1966 | D:5      | Noticed a scorpion
  1969 | D:5      | Killed a scorpion
  1970 | D:5      | Reached skill level 3 in Fighting
  1970 | D:5      | Reached XP level 5. HP: 39/40 MP: 0/0
  1970 | D:5      | Learned a level 2 spell: Call Imp
  1998 | D:5      | Found a large runed translucent door.
  1998 | D:5      | Found a large runed translucent door.
  2000 | D:5      | Noticed Newt's ghost (novice KoHu)
  2021 | D:5      | Noticed an ogre
  2023 | D:5      | Noticed a shadow
  2023 | D:5      | Noticed a steam dragon
  2120 | D:5      | Killed an ogre
  2121 | D:5      | Reached skill level 4 in Fighting
  2121 | D:5      | Reached XP level 6. HP: 45/47 MP: 0/0
  2486 | D:3      | Found a glowing drain.
  2495 | Sewer    | Entered a sewer
  2573 | Sewer    | Noticed Pargi
  2591 | Sewer    | Killed Pargi
  2592 | Sewer    | Reached XP level 7. HP: 32/53 MP: 0/0
  2592 | Sewer    | Learned a level 2 spell: Blink
  2901 | D:3      | Identified the +6 war axe of Xongitun {spect, rF- rCorr
                  | Int+2}
  2909 | D:3      | Reached skill level 5 in Fighting
  2909 | D:3      | Reached skill level 5 in Spellcasting
  2909 | D:3      | Reached skill level 5 in Conjurations
  2909 | D:3      | Reached skill level 5 in Hexes
  2909 | D:3      | Reached skill level 5 in Summonings
  2909 | D:3      | Reached skill level 5 in Necromancy
  2909 | D:3      | Reached skill level 5 in Translocations
  2909 | D:3      | Reached skill level 5 in Fire Magic
  2909 | D:3      | Reached skill level 5 in Ice Magic
  2909 | D:3      | Reached skill level 5 in Air Magic
  2909 | D:3      | Reached skill level 5 in Earth Magic
  2909 | D:3      | Reached skill level 5 in Alchemy
  3246 | D:3      | Found a bloodstained altar of Trog.
  3552 | D:3      | Found a shimmering altar of Xom.
  3934 | D:3      | Reached XP level 8. HP: 56/61 MP: 0/0
  3970 | D:3      | Noticed Sigmund
  3979 | D:3      | Killed Sigmund
  3980 | D:3      | Reached skill level 6 in Fighting
  4047 | D:3      | Noticed Terence
  4057 | D:3      | Killed Terence
  4305 | D:4      | Noticed Eustachio
  4417 | D:4      | Killed Eustachio
  4859 | D:4      | Found a staircase to the Ecumenical Temple.
  5410 | D:4      | Found an ornate altar of the Wu Jian Council.
  5595 | Temple   | Found a transporter.
  5595 | Temple   | Found a transporter.
  5595 | Temple   | Found a transporter.
  5595 | Temple   | Found a transporter.
  5595 | Temple   | Entered the Ecumenical Temple
  5610 | Temple   | Became a worshipper of Nemelex Xobeh the Trickster
  5695 | D:5      | Reached skill level 7 in Fighting
  6039 | D:5      | Found Gigeifradea's CLEARANCE SALE!.
  6199 | D:5      | Reached XP level 9. HP: 57/68 MP: 0/0
  6199 | D:5      | Learned a level 4 spell: Summon Lightning Spire
  6514 | D:5      | HP: 2/68 [something (12)]
  6516 | D:6      | Mangled by a shadow

Illustrated notes

Levels and vault maps discovered:
D:1:      eino_arrival_cavern_b, layout_basic, dk_noncrumbling_3,
          minmay_tetromino_l4
D:2:      layout_loops_cross, serial_shops, nicolae_square_shop, shop_statue,
          shop, shop, ebering_ecumenical_altar_ruins
D:3:      layout_loops_corners, nzn_overflow_gifts_of_might_and_magic,
          led_xom_imps, gup_sewer_entry_spiral, minmay_guardbox, uniq_terence,
          uniq_sigmund
D:4:      layout_layer_cave, pdpol_wu_jian_five_deadly_venoms,
          minmay_temple_entry_arrows, uniq_eustachio
D:5:      kennysheep_big_flooded_room, layout_loops_cross,
          ebering_ghost_disaster_area, hangedman_decor_clover_reticule,
          kennysheep_donut, nicolae_shop_clearance
D:6:      layout_basic, fedhas_altar_2, kennysheep_generic_room_10,
          uniq_crazy_yiuf_cottage
Temple:   hellmonk_temple_divided_pantheon

Skill      XL: |  1  2  3  4  5  6  7  8 |
---------------+-------------------------+-----
Fighting       | 1 2 3 4 5 7 |  7.4
Spellcasting   | 4 5 6 |  6.4
Conjurations   | 4 5 6 |  6.4
Hexes          | 4 5 6 |  6.4
Summonings     | 4 5 6 |  6.4
Necromancy     | 4 5 6 |  6.4
Translocations | 4 5 6 |  6.4
Fire Magic     | 4 5 6 |  6.4
Ice Magic      | 4 5 6 |  6.4
Air Magic      | 4 5 6 |  6.4
Earth Magic    | 4 5 6 |  6.4
Alchemy        | 4 5 6 |  6.4
Dodging        | |  2.1
Stealth        | |  1.5

Action                     |  1- 3 |  4- 6 |  7- 9 || total
---------------------------+-------+-------+-------++-------
  Melee: Unarmed           |     7 |    16 |       ||    23
   Cast: Sting             |    65 |    72 |   131 ||   268
         Mercury Vapours   |     2 |     2 |     8 ||    12
         Call Imp          |       |     3 |     2 ||     5
         Sandblast         |       |     2 |    17 ||    19
         Mephitic Cloud    |       |       |    14 ||    14
         Sticky Flame      |       |       |     3 ||     3
  Evoke: Wand              |       |     5 |       ||     5
    Use: Potion            |       |       |     4 ||     4
   Stab: Sleeping          |       |     1 |       ||     1
 Armour: Robe              |    17 |    42 |    29 ||    88
         Steam dragon scal |       |       |     9 ||     9
  Dodge: Dodged            |    12 |    48 |    31 ||    91

Table legend: (Time is in decaauts)
 A = Elapsed time spent in this place.
 B = Non-inter-level travel time spent in this place.
 C = Inter-level travel time spent in this place.
 D = Time resting spent in this place.
 E = Time spent auto-exploring this place.
 F = Levels seen in this place.
 G = Mean time per level.
                   A        B        C        D        E       F      G
               +--------+--------+--------+--------+--------+-----+--------+
         Total |   6524 |   6301 |    223 |    486 |   4380 |   8 |  815.5 |
       Dungeon |   6279 |   6057 |    222 |    486 |   4230 |   6 | 1046.5 |
        Temple |     31 |     31 |      0 |      0 |      0 |   1 |   31.0 |
         Sewer |    213 |    213 |      0 |      0 |    150 |   1 |  213.0 |
               +--------+--------+--------+--------+--------+-----+--------+

Top non-repeatable levels by time:
     D:3: 1853 daAuts
     D:4: 1471 daAuts
     D:1: 1154 daAuts
     D:5: 1071 daAuts
     D:2: 727 daAuts
   Sewer: 213 daAuts
  Temple: 31 daAuts
     D:6: 0 daAuts
